 Dungeon Sprint DCSS version 0.30-a0-738-g116ff8c4af (webtiles) character file.

Game seed: 13417797133099603884

150 valliere the Grappler (level 9, -7/76 HPs)
             Began as an Octopode Transmuter on Feb 3, 2023.
             Was a High Priest of Cheibriados.
             Mangled by an alligator (18 damage)
             ... in the Dungeon (Sprint VI: "Thunderdome").
             The game lasted 00:10:34 (577 turns).

valliere the Grappler (Octopode Transmuter)          Turns: 577, Time: 00:10:35

Health: -7/76      AC:  8    Str: 30    XL:     9   Next: 14%
Magic:  20/20      EV: 23    Int: 28    God:    Cheibriados [*****.]
Gold:   38         SH:  0    Dex: 31    Spells: 15/23 levels left

rFire   . . .      SeeInvis +      - Unarmed
rCold   + + +      Faith    .    (shield currently unavailable)
rNeg    + . .      Spirit   .    (helmet currently unavailable)
rPois   +          Reflect  .    p - amulet "Diamm" {RegenMP Fly rPois rC++ Str-5}
rElec   .          Harm     .    m - ring of Cinyg {EV+5 Str+3}
rCorr   +          Rampage  .    n - ring "Duum" {Fire SInv}
Will    .....      NoTele   +    (no ring)
Stlth   ++++                     l - ring of the Mantidfly {+Blink rCorr}
HPRegen 0.32/turn                q - ring of Koczut {Drain rC+++ rN+ Dex+6 Stlth+}
MPRegen 0.57/turn                (no ring)
                                 (no ring)
                                 (no ring)

@: ice-form, flying, very slow
A: freezing attack, boosted hp, almost no armour, amphibious, 8 rings, large,
(camouflage 1), (gelatinous body 1), (nimble swimmer 1), (tentacles), (antennae
1), strong 1
a: End Transformation, Renounce Religion, Evoke Blink, Bend Time, Temporal
Distortion, Slouch, Step From Time


You were in the Dungeon.
You worshipped Cheibriados.
Cheibriados was extremely pleased with you.
You were a creature of crystalline ice.
You visited 1 branch You collected 420 gold pieces.
You spent 382 gold pieces at shops.

Inventory:

Jewellery
 l - the ring of the Mantidfly (on tentacle) {+Blink rCorr}
   (You bought it in a shop in the Dungeon)

   [ring of resist corrosion]

   +Blink:    It lets you blink.
   rCorr:     It protects you from acid and corrosion.
 m - the ring of Cinyg (left front paw) {EV+5 Str+3}
   (You bought it in a shop in the Dungeon)

   [ring of evasion]

   EV:        It affects your evasion (+5).
   Str:       It affects your strength (+3).
 n - the ring "Duum" (right front paw) {Fire SInv}
   (You bought it in a shop in the Dungeon)

   [ring of fire]

   It enhances your fire magic.
   rF:        It protects you from fire.
   rC:        It makes you vulnerable to cold.
   SInv:      It lets you see invisible.
 o - the ring of Understanding {+Blink rPois rF- rC+ Str+3}
   (You bought it in a shop in the Dungeon)

   [ring of poison resistance]

   Str:       It affects your strength (+3).
   rF:        It makes you vulnerable to fire.
   rC:        It protects you from cold.
   rPois:     It protects you from poison.
   +Blink:    It lets you blink.
 p - the amulet "Diamm" (around neck) {RegenMP Fly rPois rC++ Str-5}
   (You bought it in a shop in the Dungeon)

   [amulet of magic regeneration]

   It increases your rate of magic regeneration.
   Str:       It affects your strength (-5).
   rC:        It greatly protects you from cold.
   rPois:     It protects you from poison.
   Fly:       It grants you flight.
 q - the ring of Koczut (on tentacle) {Drain rC+++ rN+ Dex+6 Stlth+}
   (You bought it in a shop in the Dungeon)

   [ring of dexterity]

   Dex:       It affects your dexterity (+6).
   rC:        It renders you almost immune to cold.
   rN:        It protects you from negative energy.
   Drain:     It drains your maximum health when unequipped.
   Stlth:     It makes you more stealthy.
Wands
 h - a wand of iceblast (5)
 i - a wand of quicksilver (5)
Scrolls
 g - 4 scrolls of blinking
 j - 3 scrolls of fog
Potions
 a - a potion of lignification
 b - a potion of curing
 c - 3 potions of heal wounds
 d - 4 potions of haste
 e - 2 potions of magic
 f - a potion of berserk rage
 k - a potion of resistance
 r - a potion of mutation


   Skills:
 + Level 7.4 Fighting
 + Level 8.4 Dodging
 - Level 1.4 Stealth
 * Level 12.7 Unarmed Combat
 + Level 7.8 Spellcasting
 + Level 8.3 Transmutations


You had 15 spell levels left.
You knew the following spells:

 Your Spells              Type           Power      Damage    Failure   Level
a - Beastly Appendage     Tmut           100%       N/A       1%          1
b - Spider Form           Tmut/Pois      34%        N/A       2%          3
c - Ice Form              Ice/Tmut       34%        N/A       9%          4

Your spell library contained the following spells:

 Spells                   Type           Power      Damage    Failure   Level
 Wereblood                Tmut           55%        N/A       1%          2


Dungeon Overview and Level Annotations

Branches:
Dungeon (1/1)

Altars:
Cheibriados
Dithmenos
Fedhas
Gozag
Kikubaaqudgha
Makhleb
Okawaru
Qazlal
Ru
Sif Muna
Trog
Uskayaw
Vehumet
Wu Jian
Xom
Yredelemnul
Zin
The Shining One
Lugonu

Shops:
D *[??*?*:[((!!!!


Innate Abilities, Weirdness & Mutations

You are a creature of crystalline ice.
You have a powerful freezing melee attack.
Your maximum health is increased.
Your armour is entirely melded.
You are incapable of wielding weapons or throwing items.
You cannot wear most types of armour.
You are amphibious.
You can wear up to eight rings at the same time.
((Your skin changes colour to match your surroundings (Stealth+).))
((Your rubbery body absorbs attacks. (AC +1, EV +1)))
((You are camouflaged when in or above water. (Stealth+)))
((You have tentacles for arms and can constrict up to eight enemies at once.))
((You have a pair of small antennae on your head.))
Your muscles are strong. (Str +4, Int/Dex -1)


Message History

The spriggan rider is heavily wounded.
You pummel the spriggan rider!!
You kill the spriggan!
Cheibriados thoroughly appreciates the change of pace.
Cheibriados raises the support of your attributes as your movement slows.
You freeze the hornet!
You kill the hornet!
Cheibriados thoroughly appreciates the change of pace.
You have reached level 9!
Your experience leads to an increase in your attributes!
Your base attributes are Str 12, Int 15, Dex 12.
Increase (S)trength, (I)ntelligence, or (D)exterity?
You feel stronger. x2
You hit the alligator.
The alligator seems to slow down.
You freeze the alligator.
The alligator is lightly wounded.
The alligator bites you.
* * * LOW HITPOINT WARNING * * *
The alligator completely misses you.
You barely miss the alligator.
The alligator is lightly wounded.
The alligator closely misses you. x2
You punch the alligator!
The alligator seems to slow down.
You freeze the alligator.
The alligator is moderately wounded.
You hit the alligator but do no damage.
The alligator is moderately wounded.
The alligator closely misses you. The alligator tail-slaps you.
* * * LOW HITPOINT WARNING * * *
You hit the alligator. You freeze the alligator.
The alligator is moderately wounded.
You pummel the alligator!! You freeze the alligator!
The alligator is almost dead.
The alligator bites you.
* * * LOW HITPOINT WARNING * * *
The alligator misses you.
You barely miss the alligator.
The alligator is almost dead.
The alligator bites you!!
You die...

.........###...###..........⌠#
.....÷...# #.<÷# #..........⌠#
.........###...###...[......⌠#
........÷...###.............##
#∩........8.# #.8........∩###
##∩___.)..÷.###......___∩##
######.8....÷....8.######
#⌠.........).⌠#
###......tY.### #_.....†._#
#_......._# #........_#
#∩.......∩# ##∩.....∩##
##.....## ##⌠⌠⌠## #####


You could see an alligator (swift, slow).

Vanquished Creatures
  An alligator (D)
  A tyrant leech (D)
  A hornet (D)
  A spriggan (D)
  Pargi (D)
  4 wolves (D)
  4 wights (D)
  2 hounds (D)
  A jelly (D)
  2 river rats (D)
  An adder skeleton (D)
  4 endoplasms (D)
  A quokka (D)
  A giant cockroach zombie (D)
  A rat (D)
26 creatures vanquished.

Notes
Turn   | Place    | Note
-------+----------+-------------------------------------------
     0 | D        | valliere the Octopode Transmuter began the quest for the
                  | Orb.
     0 | D        | Reached XP level 1. HP: 13/13 MP: 3/3
     1 | D        | Found a hide-covered altar of Uskayaw.
     1 | D        | Found a glowing golden altar of the Shining One.
     2 | D        | Found an ornate altar of the Wu Jian Council.
     2 | D        | Found a snail-covered altar of Cheibriados.
     3 | D        | Found a radiant altar of Vehumet.
     4 | D        | Found a blossoming altar of Fedhas.
     4 | D        | Found a burning altar of Makhleb.
     4 | D        | Found Bichexyss's Premium Goods.
     4 | D        | Found Liederap's Weapon Rack.
     5 | D        | Found Weatt's Miscellaneous Merchandise.
     5 | D        | Found Aduk's Basic Armour.
     5 | D        | Round 1.
     6 | D        | Found a basalt altar of Yredelemnul.
     7 | D        | Found Ceutown's Identification Station.
     7 | D        | Found a bloodstained altar of Trog.
     7 | D        | Found a sacrificial altar of Ru.
     8 | D        | Found Jiham's Advanced Armour.
     8 | D        | Found Qefredao's Jewellery.
    22 | D        | Bought an ancient turquoise ring for 45 gold pieces
    22 | D        | Identified the ring of the Mantidfly {+Blink rCorr} (You
                  | bought it in a shop in the Dungeon)
    22 | D        | Bought a heavily runed bone ring for 45 gold pieces
    22 | D        | Identified the ring of Cinyg {EV+5 Str+3} (You bought it in
                  | a shop in the Dungeon)
    22 | D        | Bought a brightly glowing pewter ring for 45 gold pieces
    22 | D        | Identified the ring "Duum" {Fire SInv} (You bought it in a
                  | shop in the Dungeon)
    22 | D        | Bought a fine tin ring for 45 gold pieces
    22 | D        | Identified the ring of Understanding {+Blink rPois rF- rC+
                  | Str+3} (You bought it in a shop in the Dungeon)
    28 | D        | Found a corrupted altar of Lugonu.
    31 | D        | Found an iron altar of Okawaru.
    32 | D        | Found Lesus's Magic Scroll Shop.
    33 | D        | Found Labaok's Magic Scroll Shop.
    33 | D        | Found Litosurch's Must-Have Magic.
    34 | D        | Found an ancient bone altar of Kikubaaqudgha.
    34 | D        | Found Packusij's Staff Store.
    62 | D        | Found an opulent altar of Gozag.
    63 | D        | Found a stormy altar of Qazlal.
    66 | D        | Reached skill level 4 in Unarmed Combat
    68 | D        | Found a shadowy altar of Dithmenos.
    82 | D        | Noticed a jelly
    91 | D        | Killed a jelly
    91 | D        | Arena points: 12 (+12) [x2]
    92 | D        | Reached skill level 5 in Unarmed Combat
    92 | D        | Reached XP level 2. HP: 3/18 MP: 3/6
    92 | D        | Reached XP level 3. HP: 4/23 MP: 3/7
   140 | D        | Round 2.
   148 | D        | Noticed Pargi
   161 | D        | Killed Pargi
   162 | D        | Reached skill level 1 in Stealth
   162 | D        | Reached skill level 7 in Unarmed Combat
   162 | D        | Reached XP level 4. HP: 22/28 MP: 7/10
   162 | D        | Reached XP level 5. HP: 26/33 MP: 7/11
   166 | D        | Learned a level 3 spell: Spider Form
   211 | D        | Became a worshipper of Cheibriados the Contemplative
   226 | D        | Found a glowing silver altar of Zin.
   227 | D        | Found a shimmering altar of Xom.
   240 | D        | Found a shimmering blue altar of Sif Muna.
   248 | D        | Found Nono's Do-It-Yourself Clinic.
   248 | D        | Found Xouqik's Distillery.
   249 | D        | Found Yxeont's Bottled Wisdom.
   249 | D        | Found Qathew's Distillery.
   258 | D        | Arena points: 24 (+12) [x1]
   269 | D        | Round 3.
   270 | D        | Noticed a wolf
   283 | D        | Killed a wolf
   283 | D        | Reached * piety under Cheibriados
   284 | D        | Reached skill level 8 in Unarmed Combat
   284 | D        | Reached skill level 5 in Transmutations
   284 | D        | Reached XP level 6. HP: 16/42 MP: 9/13
   302 | D        | Reached ** piety under Cheibriados
   303 | D        | Reached skill level 5 in Dodging
   303 | D        | Reached skill level 9 in Unarmed Combat
   303 | D        | Reached skill level 5 in Spellcasting
   346 | D        | Reached *** piety under Cheibriados
   347 | D        | Reached skill level 10 in Unarmed Combat
   347 | D        | Reached XP level 7. HP: 29/49 MP: 12/15
   366 | D        | Arena points: 66 (+42) [x2]
   367 | D        | Reached skill level 5 in Fighting
   378 | D        | Bought a scintillating golden amulet for 45 gold pieces
   378 | D        | Identified the amulet "Diamm" {RegenMP Fly rPois rC++
                  | Str-5} (You bought it in a shop in the Dungeon)
   383 | D        | Bought a pitted platinum ring for 45 gold pieces
   383 | D        | Identified the ring of Koczut {Drain rC+++ rN+ Dex+6
                  | Stlth+} (You bought it in a shop in the Dungeon)
   384 | D        | Round 4.
   387 | D        | Reached **** piety under Cheibriados
   433 | D        | Learned a level 4 spell: Ice Form
   462 | D        | Reached ***** piety under Cheibriados
   473 | D        | Arena points: 150 (+84) [x3]
   495 | D        | Round 5.
   499 | D        | Bought 2 potions of mutation for 112 gold pieces
   499 | D        | Gained mutation: You have a pair of small antennae on your
                  | head. [potion of mutation]
   499 | D        | Gained mutation: Your muscles are strong. (Str +4, Int/Dex
                  | -1) [potion of mutation]
   550 | D        | Noticed an alligator
   556 | D        | Killed an alligator
   557 | D        | Reached skill level 11 in Unarmed Combat
   557 | D        | Reached XP level 8. HP: 52/58 MP: 15/18
   557 | D        | Noticed a tyrant leech
   563 | D        | Noticed a spriggan rider
   563 | D        | Noticed an alligator
   566 | D        | Killed a tyrant leech
   567 | D        | Reached skill level 12 in Unarmed Combat
   570 | D        | Killed a spriggan
   570 | D        | Killed a hornet
   571 | D        | Reached XP level 9. HP: 18/64 MP: 20/20
   577 | D        | Mangled by an alligator

Illustrated notes

Levels and vault maps discovered:
D:        arena_sprint

Skill      XL: |  1  2  3  4  5  6  7  8 |
---------------+-------------------------+-----
Unarmed Combat | 5 7 8 10 11 12 | 12.7
Dodging        | 3 4 6 7 8 |  8.4
Spellcasting   | 3 4 5 7 |  7.8
Transmutations | 3 4 5 6 7 8 |  8.3
Stealth        | 1 |  1.4
Fighting       | 3 4 6 7 |  7.4

Action                     |  1- 3 |  4- 6 |  7- 9 || total
---------------------------+-------+-------+-------++-------
  Melee: Unarmed           |    21 |    27 |    32 ||    80
         Kick              |     8 |     4 |     3 ||    15
         Tentacles         |     3 |     3 |     5 ||    11
         Constrict         |       |     3 |     5 ||     8
         Punch             |       |     1 |     3 ||     4
   Cast: Beastly Appendage |     4 |     1 |     1 ||     6
         Spider Form       |       |     3 |       ||     3
         Ice Form          |       |       |     1 ||     1
    Use: Potion            |       |       |     2 ||     2
   Stab: Distracted        |     1 |       |     2 ||     3
 Armour: Skin              |       |       |     2 ||     2
  Dodge: Dodged            |    13 |    24 |    22 ||    59

Table legend: (Time is in decaauts)
 A = Elapsed time spent in this place.
 B = Non-inter-level travel time spent in this place.
 C = Inter-level travel time spent in this place.
 D = Time resting spent in this place.
 E = Time spent auto-exploring this place.
 F = Levels seen in this place.
 G = Mean time per level.
                   A        B        C        D        E       F      G
               +--------+--------+--------+--------+--------+-----+--------+
         Total |    652 |    608 |     44 |      0 |    262 |   1 |  652.0 |
       Dungeon |    652 |    608 |     44 |      0 |    262 |   1 |  652.0 |
               +--------+--------+--------+--------+--------+-----+--------+

Top non-repeatable levels by time:
       D: 652 daAuts
